 Dungeon Crawl Stone Soup version 0.22-a0-348-gd16d139 (webtiles) character file.

186 Amnesiac the Poker (level 5, -2/41 HPs)
             Began as a Demonspawn Fighter on Apr 11, 2018.
             Was a Follower of Ashenzari.
             Succumbed to zero's ghost's poison
             ... on level 3 of the Dungeon.
             The game lasted 00:02:50 (2216 turns).

Amnesiac the Poker (Demonspawn Fighter)             Turns: 2216, Time: 00:02:51

Health: -2/41      AC:  7    Str: 17    XL:     5   Next: 38%
Magic:  14/14      EV:  6    Int:  9    God:    Ashenzari [*.....]
Gold:   115        SH: 12    Dex: 13    Spells: 2/4 levels left

rFire    . . .     SeeInvis .   a - +0 trident
rCold    . . .     Gourm    .   c - +0 shield
rNeg     . . .     Faith    .   b - +0 scale mail
rPois    .         Spirit   .   (helmet restricted)
rElec    .         Reflect  .   (no cloak)
rCorr    .         Harm     .   (no gloves)
MR       .....                  l - +0 pair of boots
Stlth    +.........             (no amulet)
HPRegen  0.13/turn              m - ring of magical power
MPRegen  0.14/turn              q - ring of stealth

@: lethally poisoned (-2 -> -41)
A: horns 1, large bone plates 1
a: Curse Item, Scrying, Renounce Religion


You were on level 3 of the Dungeon.
You worshipped Ashenzari.
Ashenzari was aware of your devotion.
You were hungry.

You visited 1 branch of the dungeon, and saw 3 of its levels.

You collected 115 gold pieces.

Inventory:

Hand Weapons
 a - a +0 trident (weapon)
 x - a +0 hunting sling
Missiles
 r - 31 poisoned needles
 y - 48 stones (quivered)
 z - 26 sling bullets
Armour
 b - a +0 scale mail (worn)
 c - a +0 shield (worn)
 l - a +0 pair of boots (worn)
Jewellery
 g - an uncursed ring of wizardry
 m - a ring of magical power (left hand)
 q - a ring of stealth (right hand)
 v - an uncursed ring of wizardry
Scrolls
 e - 4 scrolls of remove curse {!r}
 h - a scroll of teleportation {!r, unknown}
 k - a scroll of enchant armour {!r, unknown}
 o - 4 scrolls of identify {!r, unknown}
 s - a scroll of immolation {!r, unknown}
 u - a scroll of amnesia {!r, unknown}
 A - a scroll of fog {!r, unknown}
Potions
 d - a potion of might {!q}
 i - a potion of heal wounds {!q, unknown}
 j - a potion of ambrosia {!q, unknown}
 n - a potion of resistance {!q, unknown}
 p - 2 potions of curing {!q, unknown}
 t - a potion of flight {!q, unknown}
Comestibles
 f - 5 rations
 w - 2 chunks of flesh


   Skills:
 - Level 3.0 Fighting
 - Level 5.0 Polearms
 + Level 1.1 Slings
 - Level 2.6 Armour
 - Level 2.6 Shields


You had 2 spell levels left.
You knew the following spells:

 Your Spells              Type           Power        Failure   Level  Hunger
v - Blink                 Tloc           N/A          100%        2    ###....


Dungeon Overview and Level Annotations

Branches:
Dungeon (3/15)

Altars:
Ashenzari
Trog

Annotations:
D:3 zero's ghost, amateur SpEn


Innate Abilities, Weirdness & Mutations

You have a pair of small horns on your head.
You are partially covered in large bone plates. (SH +4)


Message History

Attack whom?
Press: ? - help, Dir - move target cursor, f - zero's ghost
Aim: zero's ghost, wielding a weapon of venom You reach to attack!
You closely miss zero's ghost. You barely miss zero's ghost.
Zero's ghost casts a spell at you.
You are outlined in light.
You miss zero's ghost. Zero's ghost barely misses you.
Your shield and scale mail prevent you from hitting zero's ghost.
You block zero's ghost's attack.
You miss zero's ghost. Zero's ghost hits you.
You are poisoned.
You hit zero's ghost. You headbutt zero's ghost!
Zero's ghost is moderately damaged.
You feel sick. Zero's ghost hits you.
You are more poisoned.
You hit zero's ghost but do no damage.
Zero's ghost is moderately damaged.
You feel sick.
Zero's ghost hits you but does no damage.
You are more poisoned.
You closely miss zero's ghost.
Zero's ghost is moderately damaged.
You feel sick. Zero's ghost hits you.
You are lethally poisoned!
Zero's ghost hits you.
You miss zero's ghost.
Zero's ghost is moderately damaged.
You feel very sick. You block zero's ghost's attack.
You are feeling hungry.
You closely miss zero's ghost.
Zero's ghost is moderately damaged.
You feel sick. You block zero's ghost's attack.
You closely miss zero's ghost.
Zero's ghost is moderately damaged.
You feel very sick. Zero's ghost hits you.
* * * LOW HITPOINT WARNING * * *
You are more poisoned.
You completely miss zero's ghost.
Zero's ghost is moderately damaged.
* * * LOW HITPOINT WARNING * * *
You feel sick. You block zero's ghost's attack.
You barely miss zero's ghost.
Zero's ghost is moderately damaged.
* * * LOW HITPOINT WARNING * * *
You feel very sick.
Zero's ghost hits you but does no damage.
You are more poisoned.
Zero's ghost hits you.
* * * LOW HITPOINT WARNING * * *
You are more poisoned.
You closely miss zero's ghost.
Zero's ghost is moderately damaged.
* * * LOW HITPOINT WARNING * * *
You feel very sick.
Zero's ghost hits you but does no damage.
* * * LOW HITPOINT WARNING * * *
You feel very sick.
You are no longer glowing.
* * * LOW HITPOINT WARNING * * *
You feel very sick.
You die...

....#####.####.#.#
#..#.#.# ....#
#.#..#.#.# ##.#.#.#
##### #.#..#.#.#
#...#.# #.#..#.#.#
##..#.# #....#.#.#
#..#.. ######.##.#.#
#..#.#
#.........#.######
##.#.#
#.#####.#........#
#.#.# #....W.@.....#
#...# #.#.#........#
#...# #.#.#........#
#...# #
#.#........#######รท..#
#.########.<.....#...#
#.# #.......##..# #.
#.......##..# #.
##.########.# #.# #.#


You could see zero's ghost.

Vanquished Creatures
  A hound (D:2)
  Jessica (D:3)
  A worker ant (D:2)
  5 adders
  2 worms (D:2)
  2 dart slugs
  A leopard gecko (D:1)
  2 orcs (D:3)
  3 bats
  4 giant cockroaches
  7 goblins
  6 hobgoblins
  2 jackals (D:1)
  5 kobolds
  2 quokkas
  3 frilled lizards
  A rat (D:2)
48 creatures vanquished.

Notes
Turn   | Place    | Note
-------+----------+-------------------------------------------
     0 | D:1      | Amnesiac the Demonspawn Fighter began the quest for the Orb.
     0 | D:1      | Reached XP level 1. HP: 18/18 MP: 1/1
    27 | D:1      | Reached skill level 2 in Polearms
   247 | D:1      | Gained mutation: You are partially covered in large bone plates. (SH +4) [demonic ancestry]
   247 | D:1      | Reached XP level 2. HP: 14/24 MP: 2/2
   740 | D:2      | Reached skill level 3 in Polearms
   741 | D:2      | Found a faded altar of an unknown god.
   763 | D:2      | Gained mutation: You have a pair of small horns on your head. [demonic ancestry]
   763 | D:2      | Reached XP level 3. HP: 19/29 MP: 3/3
   790 | D:2      | Became a worshipper of Ashenzari the Shackled
   790 | D:2      | Reached * piety under Ashenzari
   997 | D:2      | Reached skill level 4 in Polearms
   997 | D:2      | Reached XP level 4. HP: 26/35 MP: 4/4
  1121 | D:2      | Found a bloodstained altar of Trog.
  1290 | D:2      | Reached XP level 5. HP: 41/41 MP: 5/5
  1884 | D:3      | Learned a level 2 spell: Blink
  2084 | D:3      | Reached skill level 5 in Polearms
  2147 | D:3      | Noticed Jessica
  2156 | D:3      | Killed Jessica
  2156 | D:3      | Reached skill level 1 in Slings
  2199 | D:3      | Noticed zero's ghost (amateur SpEn)
  2215 | D:3      | HP: 1/41 [poisoned by zero's ghost]
  2216 | D:3      | Succumbed to zero's ghost's poison

Vault maps used:
D:1:      scummos_arrival_forest
D:2:      overflow_temple_1_default, chequers_ecumenical_altar_island
D:3:      uniq_jessica, uniq_natasha

Skill      XL: |  1  2  3  4  5 |
---------------+----------------+-----
Polearms       | 2 3 4 5 |  5.0
Slings         | 1 |  1.1
Fighting       | |  3.0
Armour         | |  2.6
Shields        | |  2.6

Action                   |  1- 3 |  4- 6 || total
-------------------------+-------+-------++-------
Melee: Trident           |   138 |    69 ||   207
       Headbutt          |     5 |    11 ||    16
  Eat: Chunk             |     1 |     3 ||     4
Armor: Scale mail        |    39 |    18 ||    57
Dodge: Dodged            |    33 |     6 ||    39
Block: Shield            |    70 |    27 ||    97

Table legend:
 A = Spawn XP
 B = Non-spawn XP
 C = Spawn XP percentage of total XP
 D = Spawn monster count
 E = Non-spawn monster count
 F = Spawn count percentage of total count
 G = Total turns spent on level
                    A         B        C        D         E        F      G
               +---------+---------+-------+---------+---------+-------+---------
         Total |       0 |     266 |   0.0 |       0 |      48 |   0.0 |  2216
               +---------+---------+-------+---------+---------+-------+---------
           D:1 |       0 |      29 |   0.0 |       0 |      15 |   0.0 |   871
           D:2 |       0 |     167 |   0.0 |       0 |      23 |   0.0 |   789
           D:3 |       0 |      70 |   0.0 |       0 |      10 |   0.0 |   556
               +---------+---------+-------+---------+---------+-------+---------
